PAAA
ROYSE CITY TARGARYENS @ BAKERSFIELD NOBLES
09/20/2022
 
TOP OF THE 1ST
Royse City Targaryens batting - Pitching for Bakersfield Nobles : LHP Addie Samson
Pitching: LHP Addie Samson
Batting: RHB Héctor Ruíz 0-0: Ball
1-0: Bunted foul
1-1: Ball
2-1: Fly out, F5 (Popup, 5S)
Batting: LHB Eduardo Álvarez 0-0: Ball
1-0: Ball
2-0: Ball
3-0: Called Strike
3-1: Foul Ball, location: 2F
3-2: Base on Balls
Batting: LHB Jack Schmitt 0-0: Ball
1-0: Fly out, F7 (Flyball, 78S)
Batting: SHB Robbie Anderson 0-0: Ball
1-0: Called Strike
1-1: Called Strike
1-2: Foul Ball, location: 2F
1-2: Ball
Eduardo Álvarez is caught stealing 2nd base
Top of the 1st over - 0 run(s), 0 hit(s), 0 error(s), 0 left on base; Royse City 0 - Bakersfield 0
BOTTOM OF THE 1ST
Bakersfield Nobles batting - Pitching for Royse City Targaryens : RHP Juan Cruz
Pitching: RHP Juan Cruz
Batting: LHB Emery Miller 0-0: Called Strike
0-1: Ball
1-1: Ball
2-1: Ball
3-1: Base on Balls
Batting: LHB Jake Shelton 0-0: Ball
1-0: Ball
2-0: Ball
3-0: Called Strike
3-1: Called Strike
3-2: Base on Balls
Emery Miller to second
Batting: RHB Vincente Flores 0-0: Ball
1-0: Called Strike
1-1: Ball
2-1: Ball
3-1: SINGLE (Groundball, 56D)
Emery Miller to third
Jake Shelton to second
Batting: LHB Mike Russell 0-0: DOUBLE (Line Drive, 89M)
Emery Miller scores
Jake Shelton scores
Vincente Flores to third
Runner from 3rd tries for Home, SAFE, no throw or cutoff
Batting: LHB Luis Velázquez 0-0: Ball
1-0: Called Strike
1-1: Ball
2-1: DOUBLE (Popup, 5D)
Mike Russell scores
Batting: LHB Ricardo Miranda 0-0: Swinging Strike
0-1: Ball
1-1: Ball
2-1: Called Strike
2-2: Foul Ball, location: 2F
2-2: Foul Ball, location: 2F
2-2: Ball
3-2: Base on Balls
Batting: RHB Juan Alba 0-0: Ball
1-0: Fly out, F2 (Popup, 2LF)
Batting: RHB Luis Jiménez 0-0: Ball
1-0: Foul Ball, location: 2F
1-1: Ball
2-1: SINGLE (Line Drive, 5D)
Luis Velázquez to third
Ricardo Miranda to second
Runner from 3rd tries for Home, SAFE, throw made home
Batting: RHB Ron Gérard 0-0: Ball
1-0: Called Strike
1-1: Fly out, F8 (Flyball, 8RD)
Batting: LHB Emery Miller 0-0: Foul Ball, location: 2F
0-1: Ball
1-1: Ball
2-1: Ball
3-1: Fielders Choice at 2nd, 6-4 (Groundball, 6)
Bottom of the 1st over - 5 run(s), 4 hit(s), 0 error(s), 1 left on base; Royse City 0 - Bakersfield 5
TOP OF THE 2ND
Royse City Targaryens batting - Pitching for Bakersfield Nobles : LHP Addie Samson
Batting: SHB Robbie Anderson 0-0: Called Strike
0-1: Ground out U3 (Groundball, 3)
Batting: RHB Dave Thompson 0-0: Ball
1-0: Called Strike
1-1: Foul Ball, location: 2F
1-2: Ball
2-2: DOUBLE (Line Drive, 7LS)
Batting: RHB Bartolo Martínez 0-0: Ball
1-0: Ball
2-0: Swinging Strike
2-1: Foul Ball, location: 2F
2-2: SINGLE (Groundball, 56D)
Dave Thompson to third
Batting: RHB Sancho Balderas 0-0: Called Strike
0-1: Grounds into double play, U6-3 (Groundball, 6M)
Top of the 2nd over - 0 run(s), 2 hit(s), 0 error(s), 1 left on base; Royse City 0 - Bakersfield 5
BOTTOM OF THE 2ND
Bakersfield Nobles batting - Pitching for Royse City Targaryens : RHP Juan Cruz
Batting: LHB Jake Shelton 0-0: Ball
1-0: Ball
2-0: Swinging Strike
2-1: Foul Ball, location: 2F
2-2: Strikes out looking
Batting: RHB Vincente Flores 0-0: Ball
1-0: Called Strike
1-1: Called Strike
1-2: Foul Ball, location: 2F
1-2: Ball
2-2: Foul Ball, location: 2F
2-2: Fly out, F9 (Flyball, 34D)
Batting: LHB Mike Russell 0-0: Ground out 4-3 (Groundball, 4)
Bottom of the 2nd over - 0 run(s), 0 hit(s), 0 error(s), 0 left on base; Royse City 0 - Bakersfield 5
TOP OF THE 3RD
Royse City Targaryens batting - Pitching for Bakersfield Nobles : LHP Addie Samson
Batting: LHB Shang-de Zhang 0-0: Called Strike
0-1: Ball
1-1: Called Strike
1-2: SINGLE (Groundball, 34S)
Batting: RHB Andrew Weeks 0-0: Swinging Strike
0-1: Ball
1-1: Foul Ball, location: 2F
1-2: Strikes out swinging
Batting: RHB Héctor Ruíz 0-0: Ball
1-0: Ball
2-0: Fly out, F9 (Flyball, 9M)
Batting: LHB Eduardo Álvarez 0-0: Ball
1-0: Ball
2-0: Swinging Strike
2-1: Ball
3-1: Foul Ball, location: 2F
3-2: Foul Ball, location: 2F
3-2: Foul Ball, location: 2F
3-2: Foul Ball, location: 2F
3-2: Base on Balls
Shang-de Zhang to second
Batting: LHB Jack Schmitt 0-0: Ball
Wild Pitch!
Shang-de Zhang to third
Eduardo Álvarez to second
1-0: Called Strike
1-1: Swinging Strike
1-2: SINGLE (Line Drive, 4MD)
Shang-de Zhang scores
Eduardo Álvarez to third
Runner from 3rd tries for Home, throw and OUT!
Top of the 3rd over - 1 run(s), 2 hit(s), 0 error(s), 1 left on base; Royse City 1 - Bakersfield 5
BOTTOM OF THE 3RD
Bakersfield Nobles batting - Pitching for Royse City Targaryens : RHP Juan Cruz
Batting: LHB Luis Velázquez 0-0: DOUBLE (Flyball, 9D)
Batting: LHB Ricardo Miranda 0-0: SINGLE (Flyball, 8LS)
Luis Velázquez to third
Batting: RHB Juan Alba 0-0: Ball
1-0: Ball
2-0: Foul Ball, location: 2F
2-1: Ball
3-1: Called Strike
3-2: DOUBLE (Groundball, 5L)
Luis Velázquez scores
Ricardo Miranda to third
Batting: RHB Luis Jiménez 0-0: Called Strike
0-1: Swinging Strike
0-2: Foul Ball, location: 2F
0-2: Strikes out looking
Batting: RHB Ron Gérard 0-0: Foul Ball, location: 2F
0-1: Ball
1-1: Fly out, F4 (Popup, 4)
Batting: LHB Emery Miller 0-0: Foul Ball, location: 2F
0-1: Ground out 5-3 (Groundball, 56S)
Bottom of the 3rd over - 1 run(s), 3 hit(s), 0 error(s), 2 left on base; Royse City 1 - Bakersfield 6
TOP OF THE 4TH
Royse City Targaryens batting - Pitching for Bakersfield Nobles : LHP Addie Samson
Batting: SHB Robbie Anderson 0-0: Ball
1-0: Ball
2-0: Ball
3-0: Called Strike
3-1: Base on Balls
Batting: RHB Dave Thompson 0-0: Ball
1-0: Swinging Strike
1-1: Called Strike
1-2: Ball
2-2: Strikes out swinging
Batting: RHB Bartolo Martínez 0-0: Ball
1-0: Called Strike
1-1: Ball
2-1: Called Strike
2-2: Foul Ball, location: 2F
2-2: Ball
3-2: Strikes out swinging
Batting: RHB Sancho Balderas 0-0: Foul Ball, location: 2F
0-1: Called Strike
0-2: Strikes out swinging
Top of the 4th over - 0 run(s), 0 hit(s), 0 error(s), 1 left on base; Royse City 1 - Bakersfield 6
BOTTOM OF THE 4TH
Bakersfield Nobles batting - Pitching for Royse City Targaryens : RHP Juan Cruz
Pitching: LHP Manuel Franco
Batting: LHB Jake Shelton 0-0: Ball
1-0: Ball
2-0: Foul Ball, location: 2F
2-1: Swinging Strike
2-2: Foul Ball, location: 2F
2-2: SINGLE (Groundball, 3D)
Batting: RHB Vincente Flores 0-0: Fly out, F8 (Line Drive, 8RM)
Batting: LHB Mike Russell 0-0: Called Strike
0-1: Ball
1-1: Swinging Strike
1-2: Foul Ball, location: 2F
1-2: Foul Ball, location: 2F
1-2: Grounds into double play, 4-6-3 (Groundball, 4)
Bottom of the 4th over - 0 run(s), 1 hit(s), 0 error(s), 0 left on base; Royse City 1 - Bakersfield 6
TOP OF THE 5TH
Royse City Targaryens batting - Pitching for Bakersfield Nobles : LHP Addie Samson
Batting: LHB Shang-de Zhang 0-0: Called Strike
0-1: Ball
1-1: Ball
2-1: Foul Ball, location: 2F
2-2: Strikes out swinging
Batting: RHB Andrew Weeks 0-0: Called Strike
0-1: Called Strike
0-2: Ball
1-2: Strikes out swinging
Batting: RHB Héctor Ruíz 0-0: Ball
1-0: Swinging Strike
1-1: Foul Ball, location: 2F
1-2: SINGLE (Line Drive, 78M)
Batting: LHB Eduardo Álvarez 0-0: Called Strike
0-1: Ball
1-1: Fly out, F7 (Line Drive, 7M)
Top of the 5th over - 0 run(s), 1 hit(s), 0 error(s), 1 left on base; Royse City 1 - Bakersfield 6
BOTTOM OF THE 5TH
Bakersfield Nobles batting - Pitching for Royse City Targaryens : LHP Manuel Franco
Batting: LHB Luis Velázquez 0-0: Called Strike
0-1: Ball
1-1: Foul Ball, location: 2F
1-2: Foul Ball, location: 2F
1-2: Ball
2-2: Foul Ball, location: 2F
2-2: Ball
3-2: Ground out 6-3 (Groundball, 6M)
Batting: LHB Ricardo Miranda 0-0: Foul Ball, location: 2F
0-1: Ball
1-1: Ball
2-1: SINGLE (Groundball, 34S)
Batting: RHB Juan Alba 0-0: Called Strike
0-1: Ball
1-1: Ball
2-1: DOUBLE (Flyball, 78M)
Ricardo Miranda to third
Batting: RHB Luis Jiménez 0-0: Ball
1-0: SINGLE (Groundball, 56D)
Ricardo Miranda scores
Juan Alba to third
Runner from 3rd tries for Home, SAFE, no throw or cutoff
Batting: RHB Ron Gérard 0-0: Ball
Wild Pitch!
Luis Jiménez to second
1-0: Fly out, F8 (Flyball, 8LM)
Batting: LHB Emery Miller 0-0: Ball
1-0: Fly out, F9 (Flyball, 89M)
Bottom of the 5th over - 2 run(s), 3 hit(s), 0 error(s), 1 left on base; Royse City 1 - Bakersfield 8
TOP OF THE 6TH
Royse City Targaryens batting - Pitching for Bakersfield Nobles : LHP Addie Samson
Batting: LHB Jack Schmitt 0-0: Ball
1-0: Called Strike
1-1: Ball
2-1: Foul Ball, location: 2F
2-2: Strikes out swinging
Batting: SHB Robbie Anderson 0-0: Called Strike
0-1: Ball
1-1: Swinging Strike
1-2: Ball
2-2: Ball
3-2: DOUBLE (Flyball, 89XD)
Batting: RHB Dave Thompson 0-0: Called Strike
0-1: Ball
1-1: Called Strike
1-2: Ball
2-2: Foul Ball, location: 2F
2-2: Strikes out swinging
Pitching: LHP Bryan Houston
Batting: RHB Bartolo Martínez 0-0: Called Strike
0-1: Ball
1-1: SINGLE (Groundball, 6M)
Robbie Anderson to third
Runner from 3rd tries for Home, SAFE, no throw or cutoff
Batting: RHB Sancho Balderas 0-0: Called Strike
0-1: Swinging Strike
0-2: Ball
1-2: Foul Ball, location: 2F
1-2: Ball
2-2: Strikes out swinging
Top of the 6th over - 1 run(s), 2 hit(s), 0 error(s), 1 left on base; Royse City 2 - Bakersfield 8
BOTTOM OF THE 6TH
Bakersfield Nobles batting - Pitching for Royse City Targaryens : LHP Manuel Franco
Pitching: RHP Bo Tubbs
Batting: LHB Jake Shelton 0-0: Fly out, F8 (Flyball, 8RXD)
Batting: RHB Vincente Flores 0-0: Foul Ball, location: 2F
0-1: Foul Ball, location: 2F
0-2: Ball
1-2: Ball
2-2: Ball
3-2: Base on Balls
Batting: LHB Mike Russell 0-0: SINGLE (Line Drive, 9LS)
Vincente Flores to second
Runner from 2nd tries for 3rd, SAFE, no throw or cutoff
Batting: LHB Luis Velázquez 0-0: Called Strike
0-1: Foul Ball, location: 2F
0-2: Fly out, F4 (Popup, 34D)
Batting: LHB Ricardo Miranda 0-0: Ball
1-0: Ball
2-0: Called Strike
2-1: Fly out, F8 (Flyball, 8LXD)
Bottom of the 6th over - 0 run(s), 1 hit(s), 0 error(s), 2 left on base; Royse City 2 - Bakersfield 8
TOP OF THE 7TH
Royse City Targaryens batting - Pitching for Bakersfield Nobles : LHP Bryan Houston
Batting: LHB Shang-de Zhang 0-0: Ball
1-0: Fly out, F8 (Flyball, 8RM)
Batting: RHB Andrew Weeks 0-0: Ball
1-0: Called Strike
1-1: Swinging Strike
1-2: Foul Ball, location: 2F
1-2: Strikes out swinging
Batting: RHB Héctor Ruíz 0-0: Ball
1-0: Ball
2-0: Foul Ball, location: 2F
2-1: Reached on error, E4 (Groundball, 4)
Batting: LHB Eduardo Álvarez 0-0: Called Strike
0-1: DOUBLE (Flyball, 9LM)
Héctor Ruíz to third
Runner from 3rd tries for Home, SAFE, no throw or cutoff
Batting: LHB Jack Schmitt 0-0: Ball
1-0: Ball
2-0: Ball
3-0: Called Strike
3-1: Base on Balls
Batting: SHB Robbie Anderson 0-0: Ball
1-0: Ball
2-0: Ball
3-0: Base on Balls
Eduardo Álvarez to third
Jack Schmitt to second
Batting: RHB Dave Thompson 0-0: Called Strike
0-1: Ball
1-1: Fly out, F6 (Line Drive, 6)
Top of the 7th over - 1 run(s), 1 hit(s), 1 error(s), 3 left on base; Royse City 3 - Bakersfield 8
BOTTOM OF THE 7TH
Bakersfield Nobles batting - Pitching for Royse City Targaryens : RHP Bo Tubbs
Batting: RHB Juan Alba 0-0: Swinging Strike
0-1: Fly out, F4 (Popup, 3F)
Batting: RHB Luis Jiménez 0-0: Called Strike
0-1: Foul Ball, location: 2F
0-2: Ball
1-2: Strikes out looking
Batting: RHB Ron Gérard 0-0: Ball
1-0: Called Strike
1-1: Foul Ball, location: 2F
1-2: Ball
2-2: Foul Ball, location: 2F
2-2: Ball
3-2: Ground out 1-3 (Groundball, 13S)
Bottom of the 7th over - 0 run(s), 0 hit(s), 0 error(s), 0 left on base; Royse City 3 - Bakersfield 8
TOP OF THE 8TH
Royse City Targaryens batting - Pitching for Bakersfield Nobles : LHP Bryan Houston
Batting: RHB Bartolo Martínez 0-0: Called Strike
0-1: Fly out, F9 (Flyball, 89S)
Batting: RHB Sancho Balderas 0-0: Ball
1-0: Called Strike
1-1: Called Strike
1-2: Foul Ball, location: 2F
1-2: Foul Ball, location: 2F
1-2: Foul Ball, location: 2F
1-2: Ball
2-2: SINGLE (Flyball, 78S)
Batting: LHB Shang-de Zhang 0-0: Ball
1-0: Foul Ball, location: 2F
1-1: Ball
Passed Ball!
Sancho Balderas to second
2-1: Swinging Strike
2-2: Ball
3-2: Base on Balls
Batting: RHB Andrew Weeks 0-0: Ball
1-0: Ball
2-0: Ball
3-0: Base on Balls
Sancho Balderas to third
Shang-de Zhang to second
Pitching: RHP Marcos López
Batting: RHB Héctor Ruíz 0-0: Ball
1-0: Ball
2-0: Fly out, F8 (Flyball, 8RM)
Runner from 3rd tags up, SCORES, no throw
Pitching: LHP James Scott
Batting: LHB Eduardo Álvarez 0-0: Swinging Strike
0-1: Ball
1-1: Called Strike
1-2: Ball
2-2: Ball
3-2: Foul Ball, location: 2F
3-2: Strikes out swinging
Top of the 8th over - 1 run(s), 1 hit(s), 0 error(s), 2 left on base; Royse City 4 - Bakersfield 8
BOTTOM OF THE 8TH
Bakersfield Nobles batting - Pitching for Royse City Targaryens : RHP Bo Tubbs
Batting: LHB Emery Miller 0-0: Ball
1-0: Ball
2-0: Foul Ball, location: 2F
2-1: Called Strike
2-2: Strikes out swinging
Batting: LHB Jake Shelton 0-0: Called Strike
0-1: Ball
1-1: Foul Ball, location: 2F
1-2: Strikes out looking
Batting: RHB Vincente Flores 0-0: Ball
1-0: Called Strike
1-1: SINGLE (Line Drive, 6MD)
Batting: LHB Mike Russell 0-0: Ball
1-0: Ball
2-0: Foul Ball, location: 2F
2-1: SINGLE (Groundball, 34D)
Vincente Flores to second
Runner from 2nd tries for 3rd, SAFE, throw made to third
Pitching: LHP Dan Boyle
Batting: LHB Luis Velázquez 0-0: Called Strike
0-1: Ball
Reached via error on a dropped throw, E3
Vincente Flores scores
Mike Russell to second
Batting: LHB Ricardo Miranda 0-0: Ball
1-0: Ball
2-0: Called Strike
2-1: Called Strike
2-2: SINGLE (Flyball, 89S)
Mike Russell to third
Luis Velázquez to second
Batting: RHB Juan Alba 0-0: Fly out, F9 (Popup, 89S)
Bottom of the 8th over - 1 run(s), 3 hit(s), 1 error(s), 3 left on base; Royse City 4 - Bakersfield 9
TOP OF THE 9TH
Royse City Targaryens batting - Pitching for Bakersfield Nobles : LHP James Scott
Batting: LHB Jack Schmitt 0-0: Called Strike
0-1: Fly out, F7 (Flyball, 78M)
Batting: SHB Robbie Anderson 0-0: Foul Ball, location: 2F
0-1: Called Strike
0-2: Ball
1-2: DOUBLE (Line Drive, 3L)
Batting: RHB Dave Thompson 0-0: Called Strike
0-1: Ball
Wild Pitch!
Robbie Anderson to third
1-1: Ball
2-1: Ball
3-1: Base on Balls
Batting: RHB Bartolo Martínez 0-0: Fly out, F6 (Popup, 6MD)
Batting: RHB Sancho Balderas 0-0: Ball
1-0: SINGLE (Groundball, 56D)
Robbie Anderson scores
Dave Thompson to second
Pitching: LHP Mathies Pilegaard
Batting: LHB Shang-de Zhang 0-0: Called Strike
0-1: Ball
1-1: Swinging Strike
1-2: Ball
2-2: Ball
3-2: Base on Balls
Dave Thompson to third
Sancho Balderas to second
Batting: RHB Andrew Weeks 0-0: Foul Ball, location: 2F
0-1: Ball
1-1: Ball
2-1: Fly out, F9 (Flyball, 89S)
Top of the 9th over - 1 run(s), 2 hit(s), 0 error(s), 3 left on base; Royse City 5 - Bakersfield 9
This league is powered by Out of the Park Baseball, the baseball management simulation game for PC, Mac and Linux
Friday, April 15th, 2016 - OOTP Baseball 16.9 Build 39